 Dungeon Crawl Stone Soup version 0.19.0-19-g8c6edcc (webtiles) character file.

81 nikopol the Skirmisher (level 4, -6/28 HPs)
             Began as a Gargoyle Berserker on Nov 14, 2016.
             Was a Believer of Trog.
             Mangled by Sigmund
             ... wielding a +0 scythe
              (7 damage)
             ... on level 3 of the Dungeon.
             The game lasted 00:04:15 (1876 turns).

nikopol the Skirmisher (Gargoyle Berserker)         Turns: 1876, Time: 00:04:15

Health: -6/28      AC: 12    Str: 21    XL:     4   Next: 42%
Magic:  4/4        EV: 15    Int:  7    God:    Trog [**....]
Gold:   169        SH:  0    Dex: 10    Spells: 0 memorised, 3 levels left

rFire  . . .     SeeInvis .     a - +0 hand axe
rCold  + . .     Gourm    .     h - +1 ring mail {rC+}
rNeg   + . .     Faith    .     (no shield)
rPois  ∞         Spirit   .     (no helmet)
rElec  +         Reflect  .     f - +1 cloak
rCorr  .         Harm     .     (no gloves)
MR     .....                    (no boots)
Stlth  ..........               n - amulet of inaccuracy (curse)
                                (no ring)
                                d - +4 ring of evasion

@: exhausted, slowed, very slow
A: negative energy resistance 1, electricity resistance, unbreathing,
petrification resistance, rot immunity, AC +3
a: Berserk, Trog's Hand, Burn Spellbooks, Renounce Religion


You were on level 3 of the Dungeon.
You worshipped Trog.
Trog was pleased with you.
You were very hungry.

You visited 1 branch of the dungeon, and saw 3 of its levels.

You collected 169 gold pieces.

Inventory:

Hand Weapons
 a - a +0 hand axe (weapon)
Armour
 b - a +0 animal skin
 f - a +1 cloak (worn)
 h - a +1 ring mail of cold resistance (worn)
Jewellery
 d - a +4 ring of evasion (left hand)
 i - an uncursed ring of positive energy
 n - a cursed amulet of inaccuracy (around neck)
 s - an uncursed ring of stealth {unknown}
 v - a +1 ring of evasion
Wands
 u - a wand of acid (2/15)
Scrolls
 e - 2 scrolls of teleportation {unknown}
 g - 3 scrolls of amnesia {unknown}
 l - 2 scrolls of remove curse {unknown}
 o - a scroll of magic mapping {unknown}
 p - 3 scrolls of fear {unknown}
 r - 6 scrolls of identify {unknown}
 w - a scroll of enchant weapon {unknown}
Potions
 j - a potion of lignification {unknown}
 k - a potion of agility {unknown}
 q - 3 potions of curing {unknown}
 t - a potion of resistance {unknown}
Comestibles
 c - 2 bread rations
 m - a meat ration
 x - a slice of pizza


   Skills:
 + Level 3.6 Fighting
 + Level 3.3 Axes
 + Level 3.3 Armour
 + Level 2.3 Dodging


You had 3 spell levels left.
You didn't know any spells.

Dungeon Overview and Level Annotations

Branches:
Dungeon (3/15)

Altars:
Okawaru
Sif Muna

Annotations:
D:3 Sigmund


Innate Abilities, Weirdness & Mutations

You are resistant to torment.
Your stone body is resilient. (AC +3)
You are immune to poison.
You resist negative energy. (rN+)
You are resistant to electric shocks. (rElec)
You can survive without breathing.
You are immune to petrification.
You are immune to rotting.


Message History

You barely miss something. You completely miss something.
Something hits you but does no damage.
You barely miss something. You closely miss something.
You hear some strange, mumbled words.
Something tries to affect you, but you resist.
You slash something!
Your ring mail prevents you from hitting something.
You are no longer berserk.
You are exhausted.
You feel yourself slow down. Something hits you!
You closely miss something. Something hits you!
* * * LOW HITPOINT WARNING * * *
You barely miss something.
You hear some strange, mumbled words.
A magic dart appears from out of thin air!
The magic dart hits you!
* * * LOW HITPOINT WARNING * * *
Something hits you!
You die...

## ..... #.# #.?
#...###.#######
...###...##........
..........#..######
#.).).#...$...%.#
#.._..##..#.##..#
.#.).).#...#.# ...
......{...##.# .#
...###†@.## .# #
#...## .. .......
## ###.##### #. #


There were no monsters in sight!

Vanquished Creatures
  2 adders (D:2)
  4 worms
  2 leopard geckos
  2 orcs (D:3)
  3 giant cockroaches
  8 goblins
  5 hobgoblins
  3 kobolds
  3 quokkas
  A ball python (D:1)
  8 bats
  3 frilled lizards
  4 rats
48 creatures vanquished.

Notes
Turn   | Place    | Note
-------+----------+-------------------------------------------
     0 | D:1      | nikopol the Gargoyle Berserker began the quest for the Orb.
     0 | D:1      | Reached XP level 1. HP: 14/14 MP: 1/1
   189 | D:1      | Reached XP level 2. HP: 19/19 MP: 2/2
   677 | D:2      | Reached XP level 3. HP: 23/23 MP: 3/3
   994 | D:2      | Reached ** piety under Trog
  1467 | D:2      | Reached XP level 4. HP: 26/28 MP: 4/4
  1667 | D:3      | Found a deep blue altar of Sif Muna.
  1854 | D:3      | Found an iron altar of Okawaru.
  1854 | D:3      | Noticed Sigmund
  1876 | D:3      | HP: 1/28 [something/magic dart (1)]
  1876 | D:3      | Mangled by Sigmund

Skill      XL: |  1  2  3 |
---------------+----------+-----
Axes           | 3 |  3.3
Dodging        | 2 |  2.3
Armour         | 3 |  3.3
Fighting       | |  3.6

Action                   |  1- 3 |  4- 6 || total
-------------------------+-------+-------++-------
Melee: Hand axe          |   191 |    93 ||   284
Invok: Berserk           |       |     1 ||     1
  Eat: Chunk             |     2 |     1 ||     3
Armor: Animal skin       |     5 |       ||     5
       Ring mail         |    67 |    41 ||   108
Dodge: Dodged            |   178 |    96 ||   274
